 Dungeon Crawl Stone Soup version 0.14-a0-1761-gdbd231b (webtiles) character file.

14388 Mitsuki the Bludgeoner (level 12, -2/104 HPs)
             Began as a Hill Orc Fighter on Jan 3, 2014.
             Was an Elder of Beogh.
             Slain by an orc knight
             ... wielding a +0,+0 orcish battleaxe
              (12 damage)
             ... on Level 1 of the Orcish Mines on Jan 4, 2014.
             The game lasted 01:50:26 (17142 turns).

Mitsuki the Bludgeoner (Hill Orc Fighter)          Turns: 17142, Time: 01:50:26

HP  -2/104       AC 13     Str 24      XL: 12   Next:  8%
MP  14/14        EV  6     Int  8      God: Beogh [****..]
Gold 682         SH 39     Dex 13      Spells:  0 memorised, 11 levels left

rFire  + . .     SeeInvis .     J - +3,+2 flail (freeze)
rCold  . . .     Clarity  .     b - +0 orc scale mail
rNeg   . . .     Conserve .     I - +1 dwarf large shield
rPois  .         rCorr    .     (no helmet)
rElec  .         rRot     .     f - +0 cloak
SustAb . .       Spirit   .     o - +0 pair of gloves
rMut   .         Warding  .     v - +0 pair of elf boots
Gourm  +         Stasis   .     j - amulet of the gourmand
                                K - ring of protection from fire
                                p - +3 ring of dexterity

@: somewhat resistant to hostile enchantments, extremely unstealthy
A: saprovore 1
a: Smiting, Recall Orcish Followers, Renounce Religion


You were on level 1 of the Orcish Mines.
You worshipped Beogh.
Beogh was greatly pleased with you.
You were full.

You visited 4 branches of the dungeon, and saw 17 of its levels.
You also visited: Sewer.

You collected 682 gold pieces.

Inventory:

Hand weapons
 e - a +2,+1 flail of protection
 J - a +3,+2 flail of freezing (weapon)
Armour
 b - a +0 orcish scale mail (worn)
 f - a +0 cloak (worn)
 o - a +0 pair of gloves (worn)
 s - a +0 orcish plate armour
 v - a +0 pair of elven boots (worn)
 I - a +1 dwarven large shield (worn)
Magical devices
 g - a wand of digging (18)
 q - a wand of slowing (13)
 w - a wand of confusion (8)
 U - a wand of fireball (2)
 W - a wand of paralysis (7)
 Y - a wand of disintegration (8)
Comestibles
 d - 3 meat rations
 h - 3 bread rations
 i - 3 apples
 k - an apricot
 l - 2 pears
 z - a snozzcumber
Scrolls
 n - 5 scrolls of teleportation
 t - a scroll of enchant armour
 x - 4 scrolls of remove curse
 D - a scroll of noise
 N - a scroll of amnesia
Jewellery
 j - an amulet of the gourmand (around neck)
 p - a +3 ring of dexterity (left hand)
 y - an uncursed ring of ice
 E - an uncursed ring of fire
 K - a ring of protection from fire (right hand)
 Q - an uncursed amulet of resist mutation {unknown}
 X - an uncursed ring of wizardry {unknown}
Potions
 a - a potion of lignification {unknown}
 c - a potion of restore abilities
 m - a potion of invisibility {unknown}
 M - a potion of flight {unknown}
 P - a potion of agility
 R - 3 potions of curing
 T - a potion of speed
Books
 r - a book of the Sky

   Spells                             Type                      Level
   Flight                             Charms/Air                   3
   Airstrike                          Air                          4
   Silence                            Hexes/Air                    5
   Deflect Missiles                   Charms/Air                   6
   Conjure Ball Lightning             Conjuration/Air              6
   Tornado                            Air                          9
 C - a book of Envenomations

   Spells                             Type                      Level
   Spider Form                        Transmutation/Poison         3
   Poison Weapon                      Charms/Poison                3
   Summon Scorpions                   Summoning/Poison             4
   Olgreb's Toxic Radiance            Poison                       4
   Poisonous Cloud                    Conjuration/Poison/Air       6
 G - a book of Control

   Spells                             Type                      Level
   Control Teleport                   Charms/Translocation         4
   Control Undead                     Necromancy                   4
   Enslavement                        Hexes                        4
   Mass Confusion                     Hexes                        6
   Metabolic Englaciation             Hexes/Ice                    6
Miscellaneous
 u - a box of beasts


   Skills:
 + Level 9.3 Fighting
 + Level 15.0 Maces & Flails
 + Level 8.8 Armour
 + Level 9.9 Shields
 - Level 1.0 Invocations
 - Level 1.0 Evocations


You had 11 spell levels left.
You didn't know any spells.

Dungeon Overview and Level Annotations

Branches:
Dungeon (12/16)            Temple (1/1) D:6             Orc (1/4) D:11
   Lair (3/8) D:11
  Swamp: Lair:3-6    Shoals: Lair:3-6     Snake: Lair:3-6    Spider: Lair:3-6

Altars:
Ashenzari
Elyvilon
Makhleb
Nemelex Xobeh
Okawaru
Sif Muna
Trog
Vehumet
Xom
Yredelemnul
Zin
the Shining One

Shops:
D:4 *

Annotations:
D:10 exclusion: 7 doors


Innate Abilities, Weirdness & Mutations

You can tolerate rotten meat.


Message History

The orc warrior hits you from afar with an orcish glaive.
* * * LOW HITPOINT WARNING * * *
Your orc priest closely misses the orc knight.
You block the orc knight's attack.
You hit the orc knight. You freeze the orc knight.
The orc knight is almost dead.
Your orc priest mumbles some strange prayers to Beogh against the orc knight.
The orc knight is smitten.
You block the orc warrior's attack.
Your shield prevents you from hitting the orc knight.
The orc knight is almost dead.
You block the orc knight's attack.
Your orc priest closely misses the orc knight.
You hit the orc knight but do no damage.
The orc knight is almost dead.
You block the orc warrior's attack.
Your orc priest closely misses the orc knight.
You hit the orc knight but do no damage.
The orc knight is almost dead.
The orc knight hits you with an orcish battleaxe!
You die...

...................#
.....#...#.[......#
#.#.#...........>.#
#..............$..#
......##....#....#
$.........#.(..##
...$....#......#
.........)...#
........@)..##
......[o)....#
..>..oo#)...#
......##...## .....#
.....# .... ....##
.. ..... . ....# .


You could see an orc knight, an orc warrior (frenzied) and a friendly orc
priest.

Vanquished Creatures
  2 hill giants (D:11)
  A griffon (Lair:3)
  Maurice (D:11)
  2 two-headed ogres
  3 trolls
  2 komodo dragons
  A blink frog (Lair:3)
  A basilisk (Lair:3)
  A wyvern (D:10)
  7 yaks
  A steam dragon (D:8)
  2 sharks (D:10)
  2 hungry ghosts
  5 hippogriffs
  A hill giant skeleton (D:11)
  A porcupine (Lair:3)
  2 sky beasts (D:11)
  A necrophage (D:7)
  A black bear (D:8)
  3 centaurs
  2 orc warriors
  3 phantoms (D:11)
  13 giant frogs
  Sigmund (D:2)
  2 crocodiles
  4 ogres
  Blork the orc (D:7)
  A manticore zombie (D:8)
  A big kobold (D:11)
  3 water moccasins
  A cyclops skeleton (D:11)
  14 wights
  A jellyfish (D:10)
  3 killer bees (D:11)
  4 troll zombies
  3 electric eels (D:10)
  2 goliath beetles (D:8)
  Dowan (Orc:1)
  4 crimson imps
  A centaur zombie (D:9)
  6 orc priests
  8 iguanas
  2 giant frog skeletons
  2 jellies
  6 worker ants
  4 big fish
  A centaur skeleton (D:6)
  2 hounds
  5 orc wizards
  2 scorpions
  5 ogre zombies (D:11)
  A hound zombie (D:6)
  An ogre skeleton (D:6)
  A hound skeleton (D:4)
  14 adders
  3 gnolls (D:7)
  7 green rats
  A worm zombie (D:6)
  5 giant mites
  7 worms
  An adder zombie (D:9)
  3 giant eyeballs
  13 giant geckos
  An ooze (D:2)
  28 orcs
  13 bats
  11 giant cockroaches
  10 hobgoblins
  18 jackals
  2 ball pythons
  13 giant newts
  A giant spore (D:7)
  20 goblins
  A goblin skeleton (D:11)
  2 goblin zombies (D:11)
  A hobgoblin skeleton (D:11)
  7 hobgoblin zombies
  21 kobolds
  4 orc skeletons
  12 orc zombies (D:11)
  3 quokkas
  12 rats
  4 ballistomycetes (D:7)
  2 fungi
391 creatures vanquished.

Vanquished Creatures (collateral kills)
  A black mamba (Lair:2)
  A spiny frog (Lair:2)
  4 blink frogs (Lair:3)
  3 hippogriffs
  A black bear (Lair:3)
  An orc warrior (Orc:1)
  Duvessa (Orc:1)
  2 giant frogs (Lair:1)
  An agate snail (Lair:2)
  2 water moccasins
  3 killer bees (D:11)
  A crimson imp (D:12)
  2 hounds
  An orc priest (Orc:1)
  A mummy (D:11)
  12 green rats
  2 adders
  2 worms (Lair:1)
  A giant gecko (Lair:1)
  An orc (Orc:1)
  2 bats (Lair:1)
  2 jackals (Lair:2)
  2 quokkas
  3 fungi
52 creatures vanquished.

Vanquished Creatures (others)
  A hill giant (D:11)
  An orc priest (Orc:1)
  10 orcs
  A bat (Lair:2)
  20 plants (D:11)
33 creatures vanquished.

Grand Total: 476 creatures vanquished

Notes
Turn   | Place    | Note
--------------------------------------------------------------
     0 | D:1      | Mitsuki, the Hill Orc Fighter, began the quest for the Orb.
     0 | D:1      | Reached XP level 1. HP: 19/19 MP: 1/1
    15 | D:1      | Reached XP level 2. HP: 20/27 MP: 2/2
   582 | D:1      | Reached skill level 4 in Fighting
   700 | D:2      | Reached XP level 3. HP: 30/33 MP: 3/3
   701 | D:2      | Reached skill level 11 in Maces & Flails
   701 | D:2      | Reached XP level 4. HP: 36/40 MP: 4/4
  1261 | D:2      | Noticed Sigmund
  1280 | D:2      | Killed Sigmund
  1280 | D:2      | Reached XP level 5. HP: 35/47 MP: 5/5
  1949 | D:3      | Paralysed by a potion of paralysis for 6 turns
  1956 | D:3      | Reached XP level 6. HP: 33/53 MP: 6/6
  2717 | D:4      | Found a glowing drain.
  2734 | Sewer    | Entered a sewer
  3004 | Sewer    | Reached XP level 7. HP: 50/60 MP: 7/7
  3298 | D:4      | Reached skill level 5 in Fighting
  3363 | D:4      | Found Zeiren's General Store.
  3443 | D:5      | Entered Level 5 of the Dungeon
  3443 | D:5      | Found a white marble altar of Elyvilon.
  3550 | D:5      | Reached skill level 5 in Armour
  4333 | D:6      | Reached XP level 8. HP: 61/68 MP: 8/8
  4389 | D:6      | Reached skill level 12 in Maces & Flails
  4516 | D:6      | Reached skill level 5 in Shields
  4895 | D:6      | Found a staircase to the Ecumenical Temple.
  4902 | Temple   | Entered the Ecumenical Temple
  5444 | D:7      | Noticed Blork the orc
  5460 | D:7      | Killed Blork the orc
  5460 | D:7      | Reached XP level 9. HP: 55/75 MP: 10/10
  5525 | D:7      | Upgraded the game from 0.14-a0-1739-g6c2808e to 0.14-a0-1761-gdbd231b
  6494 | D:8      | Paralysed by a giant eyeball for 3 turns
  6521 | D:8      | Reached skill level 1 in Evocations
  7215 | D:9      | Reached skill level 13 in Maces & Flails
  7738 | D:9      | Reached XP level 10. HP: 82/84 MP: 11/11
  7932 | D:10     | Entered Level 10 of the Dungeon
  8296 | D:7      | Became a worshipper of Beogh the Brigand
  9783 | D:11     | Paralysed by a giant eyeball for 4 turns
  9811 | D:11     | Noticed Maurice
  9843 | D:11     | Killed Maurice
  9858 | D:11     | Found a staircase to the Orcish Mines.
  9910 | D:11     | Acquired Beogh's first power
 10026 | D:11     | Acquired Beogh's second power
 10138 | D:11     | Reached skill level 14 in Maces & Flails
 10138 | D:11     | Reached XP level 11. HP: 70/94 MP: 13/13
 10888 | D:11     | Found a staircase to the Lair.
 11006 | D:11     | Got a steaming cutlass
 11036 | D:11     | Noticed a hill giant
 11051 | D:11     | Killed a hill giant
 11069 | D:11     | Noticed a hill giant
 11079 | D:11     | HP: 2/94 [hill giant/giant club (20)]
 11080 | D:11     | Killed a hill giant
 11616 | D:11     | Acquired Beogh's third power
 12165 | Orc:1    | Entered Level 1 of the Orcish Mines
 12171 | Orc:1    | Noticed Duvessa
 12172 | Orc:1    | Noticed Dowan
 12182 | Orc:1    | Gained Bolgrim as an ally
 12189 | Orc:1    | Killed Duvessa
 12207 | Orc:1    | Killed Dowan
 12635 | D:11     | Noticed a hill giant
 12644 | D:11     | Banished a hill giant
 13210 | D:11     | Acquired Beogh's fourth power
 13378 | Lair:1   | Entered Level 1 of the Lair of Beasts
 13431 | Lair:1   | Gained Arbeogh as an ally
 15244 | Lair:2   | Reached skill level 15 in Maces & Flails
 16044 | Lair:3   | Reached XP level 12. HP: 101/104 MP: 11/14
 16050 | Lair:3   | Reached skill level 1 in Invocations
 16195 | Lair:3   | Got a dazzling ring mail
 16314 | Lair:1   | Identified the cursed -6 ring mail of the Flute {+Inv +Fly rC++} (You found it on level 3 of the Lair of Beasts)
 16337 | Lair:1   | Identified the cursed +2,-2 cutlass of Cocytus {slice, rElec} (You found it on level 11 of the Dungeon)
 17116 | Orc:1    | Noticed an orc knight
 17142 | Orc:1    | Slain by an orc knight

Action                   |  1- 3 |  4- 6 |  7- 9 | 10-12 || total
-------------------------+-------+-------+-------+-------++-------
Melee: Mace              |    50 |   317 |    18 |       ||   385
       Flail             |       |       |   535 |   898 ||  1433
Invok: Convert to Beogh  |       |       |       |     1 ||     1
       Recall Orcish Fol |       |       |       |    10 ||    10
       Stop Recall       |       |       |       |     1 ||     1
Evoke: Wand              |       |     1 |    16 |    12 ||    29
  Use: Potion            |     2 |     3 |     5 |     4 ||    14
       Scroll            |       |     4 |     8 |    14 ||    26
 Stab: Distracted        |       |       |       |     2 ||     2
